 Dungeon Crawl Stone Soup version 0.28.0-43-g3370ac3207 (webtiles) character file.

Game seed: 12921435902187197202

120 Araneus the Cudgeller (level 4, -1/35 HPs)
             Began as a Demonspawn Fighter on Mar 10, 2022.
             Slain by Ijyb
             ... wielding a +0 club
              (4 damage)
             ... on level 3 of the Dungeon.
             The game lasted 00:05:09 (2275 turns).

Araneus the Cudgeller (Demonspawn Fighter)          Turns: 2275, Time: 00:05:09

Health: -1/35      AC:  6    Str: 18    XL:     4   Next: 75%
Magic:  4/4        EV:  9    Int: 10    God:
Gold:   157        SH:  4    Dex: 12    Spells: 3/3 levels left

rFire   . . .      SeeInvis .   a - +0 flail
rCold   . . .      Faith    .   c - +0 buckler
rNeg    . . .      Spirit   .   b - +0 scale mail
rPois   .          Reflect  .   (no helmet)
rElec   .          Harm     .   (no cloak)
rCorr   .          Rampage  .   (no gloves)
Will    .....                   (no boots)
Stlth   ..........              (no amulet)
HPRegen 0.11/turn               (no ring)
MPRegen 0.09/turn               (no ring)

@: no status effects
A: ignite blood 1, spiny 1, weakness stinger 1
a: no special abilities


You were on level 3 of the Dungeon.
You visited 1 branch of the dungeon, and saw 3 of its levels.

You collected 157 gold pieces.

Inventory:

Hand Weapons
 a - a +0 flail (weapon)
Armour
 b - a +0 scale mail (worn)
 c - a +0 buckler (worn)
Jewellery
 f - a +6 ring of intelligence
Wands
 l - a wand of digging (4)
Scrolls
 g - a scroll of noise {unknown}
 i - a scroll of teleportation {unknown}
 j - a scroll of identify {unknown}
 m - a scroll of magic mapping {unknown}
Potions
 d - a potion of might
 e - a potion of lignification {unknown}
 h - a potion of curing {unknown}
 k - a potion of heal wounds {unknown}
 n - 2 potions of mutation {unknown}


   Skills:
 - Level 3.0 Fighting
 + Level 4.6 Maces & Flails
 - Level 2.6 Armour
 - Level 2.6 Shields


You had 3 spell levels left.
You didn't know any spells.
Your spell library contained the following spells:

 Spells                   Type           Power      Damage    Failure   Level
 Sting                    Tmut/Pois      0%         1d3       85%         1
 Ensorcelled Hibernation  Hex/Ice        0%         N/A       94%         2
 Poisonous Vapours        Pois/Air       0%         N/A       94%         2
 Call Canine Familiar     Summ           0%         N/A       99%         3
 Portal Projectile        Hex/Tloc       0%         N/A       99%         3
 Spider Form              Tmut/Pois      0%         N/A       99%         3
 Anguish                  Hex/Necr       0%         N/A       100%        4
 Leda's Liquefaction      Hex/Erth       0%         N/A       100%        4
 Olgreb's Toxic Radiance  Pois           0%         N/A       100%        4


Dungeon Overview and Level Annotations

Branches:
Dungeon (3/15)

Altars:
Xom

Shops:
D:1 *

Annotations:
D:3 Ijyb


Innate Abilities, Weirdness & Mutations

Your demonic aura sometimes causes spilled blood to erupt in flames.
You are partially covered in sharp spines.
You have a small tail.


Message History

The orc is heavily wounded.
The orc barely misses you.
You hit the orc.
The orc is severely wounded.
The orc closely misses you. The rat bites you but does no damage.
The orc closely misses you.
You hit the orc.
You kill the orc!
The rat is struck by your spines.
You kill the rat!
No target in view!
No target in view!
No target in view!
No target in view!
No target in view!
No target in view!
No target in view!
No target in view!
No target in view!
Things that are here:
a +0 whip; a +0 chain mail
Found a leather armour.
Ijyb the Twisted Goblin comes into view.
She is wielding a +0 club and carrying a wand of mindburst (13).
Ijyb shouts!
Ijyb zaps a wand.
Your mind is blasted!
Ijyb zaps a wand.
You barely resist.
An endoplasm comes into view.
The endoplasm quivers.
Ijyb closely misses you.
You hit Ijyb. You tail-slap Ijyb.
Ijyb is moderately wounded.
Ijyb zaps a wand.
Your mind is blasted!
* * * LOW HITPOINT WARNING * * *
You are too injured to fight recklessly!
You are too injured to fight recklessly!
Unknown command.
You hit Ijyb.
Ijyb is heavily wounded.
Ijyb hits you with a +0 club.
You die...

##ยง...........#.##.#######
#............#.##.#
#............#.##.#
#............#.##.#
#............#.##.#
#............#.##.#
#............#..#.#
............+.....
#######@....# ... #gJ...#
... ......... ............
..............
...............######
.......##......!......
........# .............
..........


You could see Ijyb and an endoplasm.

Vanquished Creatures
  Crazy Yiuf (D:2)
  3 gnolls
  An adder (D:2)
  3 worms
  A dart slug (D:1)
  An orc (D:3)
  4 ball pythons
  4 endoplasms
  A giant cockroach (D:1)
  2 goblins
  3 hobgoblins
  3 jackals (D:1)
  A quokka (D:3)
  2 bats
  3 frilled lizards
  4 kobolds
  6 rats
43 creatures vanquished.

Notes
Turn   | Place    | Note
-------+----------+-------------------------------------------
     0 | D:1      | Araneus the Demonspawn Fighter began the quest for the Orb.
     0 | D:1      | Reached XP level 1. HP: 18/18 MP: 1/1
    56 | D:1      | Reached skill level 2 in Maces & Flails
   120 | D:1      | Gained mutation: You have a small tail. [demonic ancestry]
   120 | D:1      | Reached XP level 2. HP: 17/24 MP: 2/2
   394 | D:1      | Reached skill level 3 in Maces & Flails
   586 | D:1      | Found Piemib's General Store.
  1069 | D:2      | Gained mutation: You are partially covered in sharp spines.
                  | [demonic ancestry]
  1069 | D:2      | Reached XP level 3. HP: 27/29 MP: 3/3
  1226 | D:2      | Found a shimmering altar of Xom.
  1439 | D:2      | Found a runed translucent door.
  1440 | D:2      | Noticed Crazy Yiuf
  1446 | D:2      | HP: 1/29 [Crazy Yiuf/+3 quarterstaff of chaos (14)]
  1447 | D:2      | Killed Crazy Yiuf
  1448 | D:2      | Reached skill level 4 in Maces & Flails
  1448 | D:2      | Gained mutation: Your demonic aura sometimes causes spilled
                  | blood to erupt in flames. [demonic ancestry]
  1448 | D:2      | Reached XP level 4. HP: 2/35 MP: 4/4
  2248 | D:3      | Found a faded altar of an unknown god.
  2269 | D:3      | Noticed Ijyb
  2275 | D:3      | Slain by Ijyb

Illustrated notes

Levels and vault maps discovered:
D:1:      saegor_arrival_simple_a, layout_basic, serial_shops,
          nicolae_shop_stone, nicolae_wormholes
D:2:      layout_rooms, basic_altar, uniq_crazy_yiuf_cottage
D:3:      layout_basic, ebering_ecumenical_altar_mist, amcnicky_mini_pool_small,
          kennysheep_generic_room_6, uniq_ijyb

Skill      XL: |  1  2  3 |
---------------+----------+-----
Maces & Flails | 2 3 4 |  4.6
Fighting       | |  3.0
Armour         | |  2.6
Shields        | |  2.6

Action                   |  1- 3 |  4- 6 || total
-------------------------+-------+-------++-------
Melee: Flail             |    84 |    30 ||   114
       Tailslap          |     3 |     3 ||     6
Armor: Scale mail        |    43 |     4 ||    47
Dodge: Dodged            |    45 |    14 ||    59
Block: Buckler           |    16 |     4 ||    20
